[Event "World Prestigious University 2019"]
[Site "Tianjin"]
[Date "2019.11.26"]
[Round "2.8"]
[White "Lu, Andrew H"]
[Black "Li, Yankai"]
[Result "1/2-1/2"]
[WhiteElo "2071"]
[BlackElo "2432"]
[PlyCount "64"]
[EventDate "2019.11.26"]
[EventType "team-tourn"]
[EventCountry "CHN"]
[TimeControl "1500+10"]
[WhiteClock "0:03:33"]
[BlackClock "0:09:14"]

1. d4 Nf6 2. Nf3 d5 3. c4 e6 4. Nc3 Be7 5. e3 O-O 6. Bd3 dxc4 7. Bxc4 c5 8. O-O cxd4 9. Nxd4 e5 10. Nf3 Nc6 11. Qc2 h6 12. h3 Bd7 13. Rd1 Rc8 14. Qe2 Qc7 15. b3 e4 16. Nd4 Nxd4 17. Rxd4 Bc5 18. Rd1 Bc6 19. Bb2 Rfd8 20. Rac1 Qe7 21. Bb5 Rxd1+ 22. Rxd1 Ba3 23. Bxc6 Rxc6 24. Nd5 Nxd5 25. Rxd5 Bxb2 26. Qxb2 Qc7 27. Qe5 Rc1+ 28. Kh2 Qxe5+ 29. Rxe5 Rc2 30. Re8+ Kh7 31. Re7 Rxf2 32. Rxb7 Rxa2 1/2-1/2

[Event "World Prestigious University 2019"]
[Site "Tianjin"]
[Date "2019.11.26"]
[Round "2.9"]
[White "Xiao, Yiyi"]
[Black "Papanek, Ella"]
[Result "1-0"]
[WhiteElo "2306"]
[BlackElo "1777"]
[PlyCount "64"]
[EventDate "2019.11.26"]
[EventType "team-tourn"]
[EventCountry "CHN"]
[TimeControl "1500+10"]
[WhiteClock "0:00:11"]
[BlackClock "0:06:20"]

1. d4 d5 2. c4 c6 3. Nc3 Nf6 4. e3 e6 5. Nf3 Nbd7 6. Qc2 Bd6 7. Be2 dxc4 8. Bxc4 b5 9. Be2 Bb7 10. O-O a6 11. e4 e5 12. Rd1 Qc7 13. Bg5 Ng4 14. h3 h6 15. Bh4 exd4 16. Nxd4 Bh2+ 17. Kf1 Nge5 18. Nf5 Ng6 19. Nxg7+ Kf8 20. Nf5 Nxh4 21. Nxh4 c5 22. Nd5 Qe5 23. Nf3 Qg7 24. Nxh2 Rg8 25. Ng4 h5 26. Nge3 c4 27. b3 Ne5 28. bxc4 bxc4 29. Qb2 Bxd5 30. Rxd5 f6 31. Rad1 Re8 32. Bxh5 Re7 1-0

[Event "World Prestigious University 2019"]
[Site "Tianjin"]
[Date "2019.11.26"]
[Round "2.10"]
[White "Bibby, Simon"]
[Black "Theodorou, Nikolas"]
[Result "0-1"]
[WhiteElo "2167"]
[BlackElo "2555"]
[PlyCount "76"]
[EventDate "2019.11.26"]
[EventType "team-tourn"]
[EventCountry "CHN"]
[TimeControl "1500+10"]
[WhiteClock "0:00:35"]
[BlackClock "0:00:24"]

1. d4 Nf6 2. Bg5 d5 3. Bxf6 exf6 4. e3 Bd6 5. c4 dxc4 6. Bxc4 a6 7. Nc3 O-O 8. Qc2 f5 9. Nf3 Nd7 10. O-O-O Nf6 11. h3 b5 12. Bb3 g6 13. g4 b4 14. Na4 Ne4 15. Nc5 Bxc5 16. dxc5 Qe7 17. Bd5 c6 18. Bxc6 Ra7 19. gxf5 Nxf2 20. Qxf2 Qxc5+ 21. Kb1 Qxc6 22. Nd4 Qe4+ 23. Ka1 Re8 24. f6 Rc7 25. h4 Bg4 26. Rde1 h5 27. Qg3 Qe5 28. Qf2 a5 29. Rhf1 a4 30. Qd2 Rec8 31. Qd3 a3 32. bxa3 bxa3 33. Qxa3 Qh2 34. Rc1 Qxh4 35. Rxc7 Rxc7 36. Qd6 Rc8 37. Nc6 Kh7 38. Nd8 Qh3 0-1

[Event "World Prestigious University 2019"]
[Site "Tianjin"]
[Date "2019.11.26"]
[Round "2.11"]
[White "Chandra, Akshat"]
[Black "Hirao, Satoshi"]
[Result "1-0"]
[WhiteElo "2524"]
[BlackElo "1958"]
[PlyCount "55"]
[EventDate "2019.11.26"]
[EventType "team-tourn"]
[EventCountry "CHN"]
[TimeControl "1500+10"]
[WhiteClock "0:01:24"]
[BlackClock "0:11:01"]

1. e4 e5 2. Nf3 Nc6 3. Bb5 Nf6 4. d3 d6 5. O-O Be7 6. c3 O-O 7. Re1 a6 8. Ba4 b5 9. Bc2 Re8 10. Nbd2 Bf8 11. Nf1 h6 12. Ng3 d5 13. exd5 Nxd5 14. Bd2 Bc5 15. b4 Bf8 16. a4 Rb8 17. axb5 axb5 18. Bb3 Bb7 19. d4 Ndxb4 20. cxb4 Nxd4 21. Nxd4 Qxd4 22. Nf5 Qd7 23. Qh5 Bc8 24. Nxh6+ gxh6 25. Qg6+ Kh8 26. Bxf7 Bg7 27. Bxh6 Qg4 28. Bxg7# 1-0

[Event "World Prestigious University 2019"]
[Site "Tianjin"]
[Date "2019.11.26"]
[Round "2.12"]
[White "Balashov, Yuri S"]
[Black "Derakhshani, Dorsa"]
[Result "0-1"]
[WhiteElo "2465"]
[BlackElo "2277"]
[PlyCount "65"]
[EventDate "2019.11.26"]
[EventType "team-tourn"]
[EventCountry "CHN"]
[TimeControl "1500+10"]
[WhiteClock "0:08:14"]
[BlackClock "0:00:16"]

1. e4 e5 2. Nf3 Nc6 3. Bb5 d6 4. d3 Nge7 5. Be3 a6 6. Ba4 g6 7. c3 Bg7 8. Nbd2 O-O 9. O-O h6 10. Re1 f5 11. Nb3 b5 12. Bxb5 axb5 13. h3 g5 14. Nh2 f4 15. Bc1 d5 16. Qh5 dxe4 17. dxe4 Qd6 18. Nd2 Qg6 19. Qf3 h5 20. b4 g4 21. hxg4 hxg4 22. Qd3 f3 23. g3 Qh5 24. Qxb5 Ba6 25. Qc5 Qh3 26. Ndxf3 gxf3 27. Nxf3 Rxf3 28. b5 Bxb5 29. Qxb5 Raf8 30. Rf1 Ng6 31. Qd5+ Kh7 32. Qxc6 Nh4 33. gxh4 0-1

[Event "World Prestigious University 2019"]
[Site "Tianjin"]
[Date "2019.11.26"]
[Round "2.13"]
[White "Li, Ethan"]
[Black "Fernandez, Daniel Howard"]
[Result "1-0"]
[WhiteElo "2209"]
[BlackElo "2444"]
[PlyCount "59"]
[EventDate "2019.11.26"]
[EventType "team-tourn"]
[EventCountry "CHN"]
[TimeControl "1500+10"]
[WhiteClock "0:00:40"]
[BlackClock "0:11:20"]

1. d4 Nf6 2. c4 g6 3. Nc3 Bg7 4. e4 O-O 5. Nf3 d6 6. h3 e5 7. d5 a5 8. Be3 Na6 9. g4 Nc5 10. Nd2 h6 11. Be2 b6 12. h4 Ne8 13. h5 f5 14. hxg6 f4 15. Bxc5 bxc5 16. Nf3 Bxg4 17. Nh4 Bd7 18. Bg4 Nf6 19. Bxd7 Qxd7 20. Qe2 Qg4 21. f3 Qd7 22. Nf5 Rfb8 23. O-O-O a4 24. Nxh6+ Bxh6 25. Rxh6 Kg7 26. Rdh1 Rh8 27. Qh2 Qe8 28. Nb5 Qc8 29. Nxc7 Rb8 30. Ne6+ 1-0

[Event "World Prestigious University 2019"]
[Site "Tianjin"]
[Date "2019.11.26"]
[Round "2.16"]
[White "Daniel, Karim Abbas"]
[Black "Grigory, Oparin"]
[Result "0-1"]
[WhiteElo "2251"]
[BlackElo "2660"]
[PlyCount "42"]
[EventDate "2019.11.26"]
[EventType "team-tourn"]
[EventCountry "CHN"]
[TimeControl "1500+10"]
[WhiteClock "0:16:00"]
[BlackClock "0:02:51"]

1. e4 c6 2. d4 d5 3. Nd2 dxe4 4. Nxe4 Nf6 5. Nxf6+ exf6 6. c3 Bd6 7. Bd3 O-O 8. Qc2 Re8+ 9. Ne2 h5 10. O-O h4 11. Be3 Nd7 12. Rad1 Nf8 13. c4 Bc7 14. Qd2 Qd6 15. g3 Bg4 16. Rc1 Ne6 17. Nc3 Rad8 18. d5 Ba5 19. c5 Qxd5 20. Nxd5 Bxd2 21. Bxd2 Rxd5 0-1

[Event "World Prestigious University 2019"]
[Site "Tianjin"]
[Date "2019.11.26"]
[Round "2.17"]
[White "Dmitry, Gordievskiy"]
[Black "Mihov, Filip"]
[Result "1-0"]
[WhiteElo "2590"]
[BlackElo "2191"]
[PlyCount "91"]
[EventDate "2019.11.26"]
[EventType "team-tourn"]
[EventCountry "CHN"]
[TimeControl "1500+10"]
[WhiteClock "0:01:05"]
[BlackClock "0:01:34"]

1. Nf3 d5 2. g3 Nf6 3. Bg2 e6 4. O-O Be7 5. c4 O-O 6. b3 b6 7. Nc3 Bb7 8. e3 c5 9. Bb2 dxc4 10. bxc4 Nc6 11. Qe2 Rc8 12. Rad1 Qc7 13. Ne1 Na5 14. f4 Bxg2 15. Nxg2 Qb7 16. f5 e5 17. g4 Ne4 18. Nxe4 Qxe4 19. d3 Qc6 20. Bxe5 f6 21. Bc3 Bd6 22. Nf4 Bxf4 23. Rxf4 Rfe8 24. g5 fxg5 25. Rg4 Rc7 26. Rxg5 Qh6 27. Rg3 Nc6 28. Rf1 Rf7 29. Qf3 Kf8 30. f6 Nd8 31. fxg7+ Kg8 32. Qd5 Qe6 33. Rgf3 Qxd5 34. cxd5 b5 35. e4 b4 36. Bf6 a5 37. e5 Rd7 38. Bxd8 Rxg7+ 39. Rg3 Rxd8 40. d6 a4 41. e6 Rxg3+ 42. hxg3 Rxd6 43. e7 Re6 44. Rf8+ Kg7 45. e8=Q Rxe8 46. Rxe8 1-0

[Event "World Prestigious University 2019"]
[Site "Tianjin"]
[Date "2019.11.26"]
[Round "3.1"]
[White "Grigory, Oparin"]
[Black "TannerAustin, McNamara"]
[Result "1-0"]
[WhiteElo "2660"]
[BlackElo "1983"]
[PlyCount "83"]
[EventDate "2019.11.26"]
[EventType "team-tourn"]
[EventCountry "CHN"]
[TimeControl "1500+10"]
[WhiteClock "0:02:37"]
[BlackClock "0:24:08"]

1. c4 Nf6 2. Nf3 c6 3. g3 d5 4. Bg2 g6 5. b3 Bg7 6. Bb2 O-O 7. O-O Bf5 8. d3 a5 9. Nc3 Nfd7 10. cxd5 cxd5 11. Qd2 d4 12. Nb5 e5 13. Nd6 Be6 14. Ng5 Qb6 15. Nxe6 fxe6 16. Ba3 Nc5 17. Rac1 Nba6 18. Nc4 Qd8 19. Qxa5 Qxa5 20. Nxa5 e4 21. Bxc5 Nxc5 22. Rxc5 b6 23. Rc6 Rxa5 24. Bxe4 Rxa2 25. Bf3 Kf7 26. Rxb6 Rc8 27. b4 h5 28. b5 Rc5 29. Rb7+ Kf6 30. b6 Rb2 31. Rb8 Rcb5 32. b7 Ke7 33. Rc1 Be5 34. Rg8 Rb1 35. Rxb1 Rxb1+ 36. Kg2 Kf7 37. Rc8 Rb6 38. h4 Ke7 39. Be4 Kf7 40. f4 Bd6 41. Rd8 Bc7 42. Rd7+ 1-0

[Event "World Prestigious University 2019"]
[Site "Tianjin"]
[Date "2019.11.26"]
[Round "3.2"]
[White "Lei, Sean"]
[Black "Dmitry, Gordievskiy"]
[Result "0-1"]
[WhiteElo "1895"]
[BlackElo "2590"]
[Annotator "RC"]
[PlyCount "62"]
[EventDate "2019.11.26"]
[EventType "team-tourn"]
[EventCountry "CHN"]
[TimeControl "1500+10"]
[WhiteClock "0:17:38"]
[BlackClock "0:14:40"]

1. d4 Nf6 2. Nf3 b6 3. Nbd2 Bb7 4. b3 g6 5. Bb2 Bg7 6. e3 O-O 7. Be2 c5 8. dxc5 bxc5 9. c4 a5 10. O-O a4 11. Qc2 Nc6 12. Ne4 Nxe4 13. Bxg7 Nb4 14. Qb2 a3 15. Qe5 d6 16. Qf4 Kxg7 17. h4 e5 18. Qh2 Nc3 19. Bd1 Qf6 20. Nd2 Ncxa2 21. e4 Qf4 22. Qxf4 exf4 23. f3 Nc3 24. Nb1 Nxb1 25. Rxb1 f5 26. exf5 Rxf5 27. Rf2 Re5 28. Rd2 d5 29. cxd5 Bxd5 30. Kf2 h6 31. Rc1 a2 0-1

[Event "World Prestigious University 2019"]
[Site "Tianjin"]
[Date "2019.11.26"]
[Round "3.3"]
[White "Wang, Nancy"]
[Black "Zhou, Qiyu"]
[Result "1/2-1/2"]
[WhiteElo "1823"]
[BlackElo "2216"]
[PlyCount "56"]
[EventDate "2019.11.26"]
[EventType "team-tourn"]
[EventCountry "CHN"]
[TimeControl "1500+10"]
[WhiteClock "0:04:00"]
[BlackClock "0:03:02"]

1. e4 e5 2. Nc3 Nc6 3. g3 Nf6 4. Bg2 Bc5 5. Nge2 O-O 6. h3 a6 7. O-O d6 8. d3 h6 9. Kh2 Bd7 10. Nd5 Nxd5 11. exd5 Ne7 12. d4 exd4 13. Nxd4 Nf5 14. Be3 Bxd4 15. Bxd4 Re8 16. Bc3 Qg5 17. h4 Qg6 18. Qf3 h5 19. Bh3 Re7 20. Rfe1 Rae8 21. Qd3 Kf8 22. b3 Qh7 23. Bd2 Qg6 24. Rad1 f6 25. Bc3 Kf7 26. Bd2 Kf8 27. Bc3 Kf7 28. Bd2 Kf8 1/2-1/2

[Event "World Prestigious University 2019"]
[Site "Tianjin"]
[Date "2019.11.26"]
[Round "3.5"]
[White "Mihov, Filip"]
[Black "Behar, Joshua"]
[Result "0-1"]
[WhiteElo "2191"]
[BlackElo "1974"]
[PlyCount "76"]
[EventDate "2019.11.26"]
[EventType "team-tourn"]
[EventCountry "CHN"]
[TimeControl "1500+10"]
[WhiteClock "0:03:40"]
[BlackClock "0:00:27"]

1. d4 Nf6 2. c4 e6 3. Nc3 Bb4 4. e3 d5 5. a3 Bxc3+ 6. bxc3 dxc4 7. Bxc4 c5 8. Nf3 Qc7 9. Be2 O-O 10. O-O b6 11. a4 Bb7 12. Bb2 Nbd7 13. c4 Rad8 14. Qb3 Ng4 15. g3 Ngf6 16. Rfd1 cxd4 17. exd4 Ne4 18. Qe3 Nd6 19. Qf4 f6 20. Ba3 e5 21. dxe5 fxe5 22. Qg4 Nc5 23. Nxe5 Nde4 24. f4 Rde8 25. Bb2 Nf6 26. Qh3 Nb3 27. Qf1 Ne4 28. Bf3 Ned2 29. Rxd2 Nxd2 30. Qd3 Nxf3+ 31. Nxf3 Bxf3 32. Qxf3 Qxc4 33. Rc1 Qe6 34. Rc7 Qe1+ 35. Qf1 Rf7 36. Rc1 Qxf1+ 37. Kxf1 h6 38. Be5 Rxe5 0-1

[Event "World Prestigious University 2019"]
[Site "Tianjin"]
[Date "2019.11.26"]
[Round "3.7"]
[White "Theodorou, Nikolas"]
[Black "Li, Ethan"]
[Result "1/2-1/2"]
[WhiteElo "2555"]
[BlackElo "2209"]
[PlyCount "67"]
[EventDate "2019.11.26"]
[EventType "team-tourn"]
[EventCountry "CHN"]
[TimeControl "1500+10"]
[WhiteClock "0:09:44"]
[BlackClock "0:04:24"]

1. d4 Nf6 2. c4 e6 3. g3 d5 4. Bg2 dxc4 5. Nf3 Bd7 6. Ne5 Bc6 7. Nxc6 Nxc6 8. O-O Qd7 9. Nd2 Nxd4 10. Nxc4 Rd8 11. Bf4 Be7 12. e3 Qb5 13. exd4 Qxc4 14. Rc1 Qxd4 15. Qxd4 Rxd4 16. Rxc7 Rd7 17. Rxb7 Rxb7 18. Bxb7 O-O 19. Rc1 h6 20. a3 g5 21. Be3 Rb8 22. Rc8+ Rxc8 23. Bxc8 a5 24. Bb6 a4 25. Bd4 Ne4 26. Bd7 Bc5 27. Be5 f6 28. Bxe6+ Kg7 29. Bc3 Nxf2 30. Kg2 Nd1 31. Bd7 Nxc3 32. bxc3 Bxa3 33. Bxa4 f5 34. h3 1/2-1/2

[Event "World Prestigious University 2019"]
[Site "Tianjin"]
[Date "2019.11.26"]
[Round "3.10"]
[White "Isakov, Michael"]
[Black "Bibby, Simon"]
[Result "1-0"]
[WhiteElo "2162"]
[BlackElo "2167"]
[PlyCount "71"]
[EventDate "2019.11.26"]
[EventType "team-tourn"]
[EventCountry "CHN"]
[TimeControl "1500+10"]
[WhiteClock "0:00:41"]
[BlackClock "0:02:46"]

1. d4 d6 2. Nf3 Nf6 3. c4 g6 4. Nc3 Bf5 5. Qb3 b6 6. g3 Nc6 7. Bg2 Bg7 8. O-O O-O 9. Qd1 Rb8 10. d5 Na5 11. Nd2 e5 12. e4 Bd7 13. Qe2 h5 14. Nf3 Nh7 15. Bd2 f5 16. Nh4 Be8 17. b4 Nb7 18. exf5 gxf5 19. Bf3 a5 20. a3 Qf6 21. Bxh5 Nd8 22. Bxe8 Rxe8 23. Qh5 Nf7 24. Qxf5 e4 25. Qxf6 Bxf6 26. Kh1 Ne5 27. Nb5 Nxc4 28. Bc3 Bxc3 29. Nxc3 Kf7 30. Nb5 axb4 31. axb4 Re7 32. Rac1 Nd2 33. Rfd1 Nf3 34. Nxc7 Rc8 35. Nb5 Nhg5 36. Nxd6+ 1-0

[Event "World Prestigious University 2019"]
[Site "Tianjin"]
[Date "2019.11.26"]
[Round "3.11"]
[White "Hirao, Satoshi"]
[Black "Lu, Andrew H"]
[Result "0-1"]
[WhiteElo "1958"]
[BlackElo "2071"]
[PlyCount "128"]
[EventDate "2019.11.26"]
[EventType "team-tourn"]
[EventCountry "CHN"]
[TimeControl "1500+10"]
[WhiteClock "0:01:18"]
[BlackClock "0:00:21"]

1. e4 c5 2. Nf3 d6 3. d4 cxd4 4. Nxd4 Nf6 5. Nc3 g6 6. Be3 Bg7 7. Bc4 Nc6 8. f3 O-O 9. Qd2 Bd7 10. Bb3 Rc8 11. h4 h5 12. O-O-O Ne5 13. Nd5 b5 14. g4 hxg4 15. h5 Nxd5 16. Bxd5 e6 17. hxg6 Nxg6 18. Bb3 gxf3 19. Qh2 Re8 20. Nxf3 Qf6 21. Nd4 Qe5 22. Qh7+ Kf8 23. Kb1 Ke7 24. Qh2 Qxh2 25. Rxh2 Rh8 26. Rf2 Bh6 27. Bxh6 Rxh6 28. Rdf1 Ne5 29. c3 Rch8 30. Bc2 Rh1 31. b3 Rxf1+ 32. Rxf1 Rh3 33. Ne2 Re3 34. Rf2 Bc6 35. Nd4 Rxc3 36. Kb2 Re3 37. Nxc6+ Nxc6 38. Bd1 Nd4 39. Bh5 f5 40. exf5 Nxf5 41. Rc2 Kd7 42. Bg4 a6 43. Rf2 Re5 44. Rh2 d5 45. Rh7+ Ne7 46. Kc2 Kd6 47. Kd2 Nc6 48. Rh8 a5 49. Be2 d4 50. Ra8 Rc5 51. Re8 e5 52. Rh8 e4 53. Rh6+ Kd5 54. Rh5+ Ne5 55. a3 d3 56. Bd1 Kd4 57. Rh4 Rc6 58. a4 bxa4 59. bxa4 Rg6 60. Bh5 Nc4+ 61. Ke1 d2+ 62. Ke2 Rg1 63. Kf2 d1=Q 64. Bxd1 Rxd1 0-1

[Event "World Prestigious University 2019"]
[Site "Tianjin"]
[Date "2019.11.26"]
[Round "3.12"]
[White "Papanek, Ella"]
[Black "Balashov, Yuri S"]
[Result "1-0"]
[WhiteElo "1777"]
[BlackElo "2465"]
[PlyCount "127"]
[EventDate "2019.11.26"]
[EventType "team-tourn"]
[EventCountry "CHN"]
[TimeControl "1500+10"]
[WhiteClock "0:03:32"]
[BlackClock "0:26:08"]

1. d4 d5 2. c4 e6 3. Nc3 Nf6 4. cxd5 exd5 5. Bg5 Bb4 6. e3 Bxc3+ 7. bxc3 Bf5 8. Qb3 b6 9. Bxf6 Qxf6 10. Qxd5 Nc6 11. Bb5 Bd7 12. Qe4+ Qe7 13. Bxc6 Qxe4 14. Bxe4 Rd8 15. Nf3 O-O 16. O-O Rfe8 17. Bd3 a5 18. Ne5 Ba4 19. Bc4 Rf8 20. Bb3 Bb5 21. c4 Ba6 22. Rfd1 Bb7 23. f3 Rfe8 24. c5 Re7 25. Rac1 b5 26. c6 Bc8 27. Kf2 a4 28. Bc2 Rde8 29. e4 h6 30. Rb1 Ba6 31. Bd3 Rb8 32. Nd7 Ra8 33. Bxb5 Re6 34. d5 Rd6 35. e5 Rxd7 36. cxd7 Bxb5 37. Rxb5 Rd8 38. e6 Kf8 39. Rc5 Ke7 40. Re1 fxe6 41. dxe6 Kd6 42. Rc4 Rb8 43. e7 Kxd7 44. Rd4+ Ke8 45. Rd8+ Rxd8 46. exd8=Q+ Kxd8 47. Re4 Kc8 48. Rxa4 c6 49. Ke3 Kc7 50. Kd4 Kd6 51. f4 c5+ 52. Kc4 Kc6 53. Ra6+ Kb7 54. Rg6 h5 55. Kxc5 Kc7 56. Rxg7+ Kd8 57. Kc6 h4 58. h3 Ke8 59. Ra7 Kf8 60. Kd6 Kg8 61. Ke6 Kf8 62. a4 Kg8 63. Kf6 Kf8 64. Ra8# 1-0

[Event "World Prestigious University 2019"]
[Site "Tianjin"]
[Date "2019.11.26"]
[Round "3.13"]
[White "Weichao, Chu"]
[Black "Wang, Yue"]
[Result "0-1"]
[WhiteElo "2423"]
[BlackElo "2674"]
[PlyCount "50"]
[EventDate "2019.11.26"]
[EventType "team-tourn"]
[EventCountry "CHN"]
[TimeControl "1500+10"]
[WhiteClock "0:11:16"]
[BlackClock "0:06:45"]

1. d4 Nf6 2. c4 e6 3. g3 c5 4. d5 exd5 5. cxd5 d6 6. Nc3 g6 7. Bg2 Bg7 8. Nf3 O-O 9. O-O Re8 10. Re1 a6 11. a4 b6 12. Nd2 Nbd7 13. h3 Rb8 14. Nc4 Ne5 15. Nxe5 Rxe5 16. e4 Re8 17. Qd3 Nd7 18. f4 b5 19. axb5 axb5 20. Be3 b4 21. Na4 Ra8 22. e5 dxe5 23. d6 exf4 24. Bxa8 fxe3 25. Kh2 Bd4 0-1

[Event "World Prestigious University 2019"]
[Site "Tianjin"]
[Date "2019.11.26"]
[Round "3.14"]
[White "Li, Yankai"]
[Black "Wei, Siyu"]
[Result "1/2-1/2"]
[WhiteElo "2432"]
[BlackElo "2106"]
[PlyCount "134"]
[EventDate "2019.11.26"]
[EventType "team-tourn"]
[EventCountry "CHN"]
[TimeControl "1500+10"]
[WhiteClock "0:01:50"]
[BlackClock "0:01:51"]

1. e4 c5 2. Nf3 e6 3. d4 cxd4 4. Nxd4 Nf6 5. Nc3 d6 6. Bc4 a6 7. Bb3 b5 8. O-O Be7 9. Qf3 Qc7 10. Qg3 O-O 11. Bh6 Ne8 12. Rad1 Kh8 13. Bg5 b4 14. Bxe7 Qxe7 15. Na4 Bd7 16. Nb6 Ra7 17. Nxd7 Rxd7 18. c3 Rb7 19. f4 bxc3 20. Qxc3 Rc7 21. Qb4 Nd7 22. f5 e5 23. f6 Ndxf6 24. Nf5 Qd7 25. Nxd6 Nxd6 26. Rxd6 Qb5 27. Qxb5 axb5 28. Re1 h6 29. Re2 Rfc8 30. h3 Kg8 31. Kf2 Rc6 32. Rxc6 Rxc6 33. Ke3 Kf8 34. Rc2 Rxc2 35. Bxc2 Ke7 36. a3 Ne8 37. Kd3 Kd6 38. Bb3 f6 39. Bf7 Nc7 40. Kc3 Na6 41. b4 Kc6 42. Be8+ Kb6 43. Kd3 Nc7 44. Bd7 Ka6 45. Ke3 Na8 46. Be6 Nb6 47. h4 Kb7 48. h5 Kc6 49. Bb3 Nc8 50. Bd5+ Kc7 51. Kf3 Nb6 52. Bb3 Nc8 53. Bc2 Nd6 54. Bd3 Kd7 55. Ke3 Kc6 56. Kf3 Kd7 57. Ke2 Kc6 58. Kd2 Nc8 59. Kc3 Nb6 60. Bc2 Kd6 61. Bb3 Kc6 62. Kd3 Kd6 63. Ke3 Kc6 64. Kf3 Nc8 65. Bd5+ Kc7 66. Kg4 Nd6 67. Kf3 Nc8 1/2-1/2

[Event "World Prestigious University 2019"]
[Site "Tianjin"]
[Date "2019.11.26"]
[Round "3.15"]
[White "Lu, Hongyi"]
[Black "Xiao, Yiyi"]
[Result "0-1"]
[WhiteElo "1862"]
[BlackElo "2306"]
[PlyCount "72"]
[EventDate "2019.11.26"]
[EventType "team-tourn"]
[EventCountry "CHN"]
[TimeControl "1500+10"]
[WhiteClock "0:00:52"]
[BlackClock "0:00:16"]

1. e4 c5 2. Nf3 e6 3. d4 cxd4 4. Nxd4 Nc6 5. Nc3 Qc7 6. Be2 a6 7. O-O Nf6 8. a4 Bb4 9. Nxc6 bxc6 10. Bf3 O-O 11. Be3 Rb8 12. h3 d5 13. exd5 cxd5 14. Ne2 Bc5 15. Bxc5 Qxc5 16. Rb1 e5 17. Ng3 e4 18. Be2 d4 19. Re1 a5 20. Bb5 Bb7 21. Qd2 Rfd8 22. Rbd1 Rbc8 23. Qxa5 Qxc2 24. Qd2 Qc5 25. b4 Qd5 26. Rc1 h5 27. Bf1 h4 28. Ne2 d3 29. Nc3 Qd4 30. b5 Nd7 31. a5 Ne5 32. Red1 Nc4 33. Qa2 d2 34. Rc2 e3 35. Bxc4 Rxc4 36. Ne2 Qe4 0-1

[Event "World Prestigious University 2019"]
[Site "Tianjin"]
[Date "2019.11.26"]
[Round "3.16"]
[White "Kukhmazov, Arsen"]
[Black "Green, Michael L"]
[Result "1-0"]
[WhiteElo "2377"]
[BlackElo "2073"]
[PlyCount "73"]
[EventDate "2019.11.26"]
[EventType "team-tourn"]
[EventCountry "CHN"]
[TimeControl "1500+10"]
[WhiteClock "0:00:11"]
[BlackClock "0:19:55"]

1. d4 Nf6 2. c4 c5 3. d5 e6 4. Nc3 exd5 5. cxd5 d6 6. Nf3 g6 7. Bf4 Bg7 8. Qa4+ Bd7 9. Qb3 b5 10. Bxd6 Qb6 11. Be5 O-O 12. e3 b4 13. Nb1 Rd8 14. Nbd2 Bb5 15. Bc4 Nbd7 16. Bg3 a5 17. O-O Nh5 18. Bh4 Re8 19. Rad1 Ne5 20. Nxe5 Bxe5 21. a4 Ba6 22. Bxa6 Qxa6 23. Nc4 Bf6 24. Bxf6 Nxf6 25. f3 Rad8 26. e4 Nd7 27. Rfe1 Nb6 28. Nxb6 Qxb6 29. Qc4 Qf6 30. b3 Rc8 31. d6 Re5 32. Rd5 Rd8 33. Red1 Qf4 34. Qxc5 Rxd5 35. Qxd5 Qe3+ 36. Kh1 Qe2 37. d7 1-0

[Event "World Prestigious University 2019"]
[Site "Tianjin"]
[Date "2019.11.26"]
[Round "3.17"]
[White "Zhong, Wei"]
[Black "Tarasov, Alexandr"]
[Result "0-1"]
[WhiteElo "1804"]
[BlackElo "2348"]
[PlyCount "106"]
[EventDate "2019.11.26"]
[EventType "team-tourn"]
[EventCountry "CHN"]
[TimeControl "1500+10"]
[WhiteClock "0:00:28"]
[BlackClock "0:00:15"]

1. e4 Nf6 2. e5 Nd5 3. c4 Nb6 4. d4 d6 5. exd6 cxd6 6. h3 g6 7. Nf3 Bg7 8. Bd3 O-O 9. O-O e5 10. d5 h6 11. Be2 f5 12. Na3 f4 13. Bd3 Bf5 14. Bxf5 gxf5 15. g3 fxg3 16. fxg3 N8d7 17. Nh4 f4 18. Qg4 Qg5 19. Rb1 Nf6 20. Qxg5 hxg5 21. Nf3 Ne4 22. g4 Bf6 23. Re1 Ng3 24. Nd2 Kf7 25. Nb5 Ke7 26. Kg2 Rh8 27. b3 Kd7 28. Ba3 Be7 29. Nc3 Kc7 30. Nce4 Nxe4 31. Nxe4 Nd7 32. Rbd1 b6 33. b4 a5 34. b5 Rag8 35. Rd3 Rh6 36. Rh1 Nf6 37. Nxf6 Bxf6 38. Kf3 Kd7 39. Ke4 Rgh8 40. Kf5 Be7 41. Rc3 Ke8 42. Rf3 Kf7 43. Bc1 Bf6 44. Bd2 Rc8 45. Rc1 Rch8 46. Rh1 Rc8 47. Rc1 Rhh8 48. Be1 Rc7 49. Bf2 Rhc8 50. Bxb6 Rxc4 51. Re1 Rb8 52. Bxa5 Rxb5 53. Bc3 e4 0-1

[Event "World Prestigious University 2019"]
[Site "Tianjin"]
[Date "2019.11.26"]
[Round "3.18"]
[White "Bogachkova, Alena"]
[Black "Serbanescu, Diana-Maria"]
[Result "1-0"]
[WhiteElo "2080"]
[BlackElo "1990"]
[PlyCount "113"]
[EventDate "2019.11.26"]
[EventType "team-tourn"]
[EventCountry "CHN"]
[TimeControl "1500+10"]
[WhiteClock "0:00:37"]
[BlackClock "0:00:47"]

1. e4 d6 2. d4 Nf6 3. Nc3 e5 4. Nf3 Nbd7 5. g3 Be7 6. Bg2 O-O 7. O-O c6 8. a4 a5 9. h3 Re8 10. g4 exd4 11. Nxd4 Nc5 12. Nde2 Be6 13. Nf4 Nfd7 14. Be3 Qc7 15. Qd2 Rad8 16. Rad1 Bc4 17. Rfe1 f6 18. b3 Bf7 19. Bd4 Ne5 20. Nfe2 Ne6 21. Be3 Nc5 22. f4 Ned7 23. Ng3 Be6 24. Qf2 Bf8 25. Rd2 Bf7 26. Red1 Bg6 27. Nf5 Bxf5 28. gxf5 b6 29. Kh1 Nb8 30. Bd4 Nba6 31. Bf3 Kh8 32. Qg2 Qf7 33. Rg1 Rb8 34. Be2 Red8 35. Bc4 Qe7 36. Re2 Nb4 37. Qf3 Re8 38. e5 dxe5 39. fxe5 fxe5 40. Bxe5 Qxe5 41. Rxe5 Rxe5 42. Ne2 Nxc2 43. Qc3 Re3 44. Qxc2 Rxh3+ 45. Kg2 Re3 46. Nf4 Rbe8 47. Ne6 Ne4 48. Kh2 Bd6+ 49. Kg2 Rg3+ 50. Kf1 Rf3+ 51. Ke1 Bb4+ 52. Kd1 Nf2+ 53. Ke2 Rf4 54. Qc1 Rxf5 55. Rxg7 Rxe6+ 56. Bxe6 Kxg7 57. Bxf5 1-0

[Event "World Prestigious University 2019"]
[Site "Tianjin"]
[Date "2019.11.27"]
[Round "4.1"]
[White "TannerAustin, McNamara"]
[Black "Green, Michael L"]
[Result "1-0"]
[WhiteElo "1983"]
[BlackElo "2073"]
[PlyCount "95"]
[EventDate "2019.11.26"]
[EventType "team-tourn"]
[EventCountry "CHN"]
[TimeControl "1500+10"]
[WhiteClock "0:00:23"]
[BlackClock "0:00:23"]

1. d4 Nf6 2. c4 c5 3. d5 e6 4. Nc3 exd5 5. cxd5 d6 6. Nf3 g6 7. Bf4 a6 8. a4 Bg7 9. e3 O-O 10. h3 Re8 11. Be2 Ne4 12. Nxe4 Rxe4 13. Nd2 Rxf4 14. exf4 Bxb2 15. Rb1 Bg7 16. O-O Qc7 17. Nc4 Nd7 18. a5 Bc3 19. Qa4 Bb4 20. f5 Rb8 21. Rb3 Nf6 22. fxg6 hxg6 23. Bf3 Bd7 24. Qa1 Bb5 25. Rc1 Qd8 26. h4 Bxc4 27. Rxc4 Bd2 28. h5 Bh6 29. hxg6 fxg6 30. Qb1 Qxa5 31. Qxg6+ Bg7 32. Bg4 Qe1+ 33. Kh2 Qe5+ 34. g3 Qxd5 35. Re3 Nxg4+ 36. Rxg4 Qf7 37. Qc2 Rf8 38. Rf4 Qh5+ 39. Rh4 Qf5 40. Qb3+ d5 41. Rf4 Qh5+ 42. Kg2 Rxf4 43. gxf4 b5 44. Rg3 Qf5 45. Qc3 d4 46. Qe1 Qd5+ 47. Kg1 Kf7 48. Rg5 1-0